 Dungeon Crawl Stone Soup version 0.22-a0-580-gd5db89c (webtiles) character file.

779 Hebeh the Chopper (level 7, 0/61 HPs)
             Began as a Minotaur Fighter on July 2, 2018.
             Slain by a two-headed ogre
             ... wielding a +0 giant spiked club
              (4 damage)
             ... on level 5 of the Dungeon.
             The game lasted 00:18:57 (5144 turns).

Hebeh the Chopper (Minotaur Fighter)                Turns: 5144, Time: 00:18:58

Health: 0/61       AC:  8    Str: 22    XL:     7   Next: 54%
Magic:  6/6        EV:  7    Int:  5    God:
Gold:   304        SH: 10    Dex: 10    Spells: 6/6 levels left

rFire    x . .     SeeInvis .   a - +0 war axe
rCold    + . .     Gourm    .   c - +0 shield
rNeg     . . .     Faith    .   r - +0 scale mail
rPois    .         Spirit   .   (helmet restricted)
rElec    .         Reflect  .   v - +0 cloak
rCorr    .         Harm     .   (no gloves)
MR       .....                  (no boots)
Stlth    ..........             (no amulet)
HPRegen  0.20/turn              t - ring of ice
MPRegen  0.10/turn              n - ring of flight

@: no status effects
A: retaliatory headbutt, horns 2
a: Evoke Flight


You were on level 5 of the Dungeon.
You were not hungry.

You visited 1 branch of the dungeon, and saw 6 of its levels.

You collected 304 gold pieces.

Inventory:

Hand Weapons
 a - a +0 war axe (weapon)
 b - a +1 hunting sling
 y - a +2 hand axe of freezing
Missiles
 q - 33 sling bullets
Armour
 c - a +0 shield (worn)
 r - a +0 scale mail (worn)
 v - a +0 cloak (worn)
Jewellery
 n - a ring of flight (right hand)
 t - a ring of ice (left hand)
Wands
 z - a wand of polymorph (19)
Scrolls
 i - a scroll of amnesia
 j - 6 scrolls of remove curse
 m - 4 scrolls of enchant weapon
 o - 2 scrolls of identify
 s - 2 scrolls of immolation {unknown}
 u - 2 scrolls of blinking {unknown}
 w - a scroll of noise {unknown}
Potions
 d - a potion of might
 e - a potion of curing {unknown}
 g - a potion of flight {unknown}
 h - a potion of cancellation {unknown}
 k - a potion of lignification {unknown}
 l - 2 potions of haste
 p - a potion of brilliance
Comestibles
 f - 6 rations
 x - 2 chunks of flesh


   Skills:
 + Level 5.5 Fighting
 * Level 6.3 Axes
 + Level 3.2 Slings
 + Level 5.5 Armour
 + Level 5.5 Shields


You had 6 spell levels left.
You didn't know any spells.
Your spell library contained the following spells:

 Spells                   Type           Power        Failure   Level  Hunger
 Confuse                  Hex            #.......     100%        3    ####...
 Confusing Touch          Hex            #.....       99%         1    ##.....
 Metabolic Englaciation   Hex/Ice        #.........   100%        5    ######.
 Petrify                  Tmut/Erth      #.......     100%        4    #####..
 Gell's Gravitas          Tloc           #.........   100%        3    ####...
 Yara's Violent Unravell  Hex/Tmut       #.........   100%        5    ######.


Dungeon Overview and Level Annotations

Branches:
Dungeon (6/15)
 Temple: D:4-7

Altars:
Gozag
Nemelex Xobeh
Uskayaw

Annotations:
D:4 2 runed doors, Hebeh's ghost, amateur MiFi


Innate Abilities, Weirdness & Mutations

You reflexively headbutt those who attack you in melee.
You have a pair of horns on your head.


Message History

y - a runed hand axe You block the two-headed ogre's attack.
The two-headed ogre hits you with a giant club!
You see here a wand of polymorph (19).
z - a wand of polymorph (19)
The two-headed ogre barely misses you.
The two-headed ogre hits you with a giant club!
You hit the two-headed ogre.
The two-headed ogre is lightly wounded.
The two-headed ogre hits you with a giant spiked club!
You block the two-headed ogre's attack.
Okay, then.
The two-headed ogre hits you but does no damage.
You block the two-headed ogre's attack.
The two-headed ogre hits you with a giant spiked club!!
* * * LOW HITPOINT WARNING * * *
You block the two-headed ogre's attack.
There is a stone staircase leading up here.
The two-headed ogre hits you with a giant spiked club.
You die...

####.##..........#........#.#
#...........................#
#.#######...............#.###
#.8...>_#.#.............#.#
#.#######.#+#####.......#.##
#..............##.......#..#
#####......................##
#.......................#
#######+#..@O.........#.#
#......###.######### .#
#......# #.# # #......# #.#
#....... ... #.....## .##
#..... #. ###... ..


You could see a two-headed ogre.

Vanquished Creatures
  Duvessa (D:4)
  An ice beast (D:5)
  Blork the orc (D:4)
  Dowan (D:4)
  A howler monkey (D:3)
  A hound (D:4)
  Crazy Yiuf (D:3)
  A jelly (D:6)
  Natasha (thrice) (D:3)
  An orc wizard (D:4)
  2 worker ants
  A hound zombie (D:5)
  Robin (D:2)
  5 adders
  A shadow imp (D:3)
  4 worms (D:2)
  A dart slug (D:2)
  5 leopard geckos
  5 orcs (D:4)
  8 bats
  7 giant cockroaches
  8 hobgoblins
  10 kobolds
  A quokka (D:4)
  A ball python (D:2)
  5 frilled lizards
  19 goblins
  9 rats
105 creatures vanquished.

Notes
Turn   | Place    | Note
-------+----------+-------------------------------------------
     0 | D:1      | Hebeh the Minotaur Fighter began the quest for the Orb.
     0 | D:1      | Reached XP level 1. HP: 19/19 MP: 0/0
   121 | D:1      | Reached XP level 2. HP: 27/27 MP: 1/1
   399 | D:1      | Reached skill level 3 in Axes
   783 | D:1      | Reached XP level 3. HP: 33/33 MP: 2/2
  1113 | D:2      | Found a sparkling altar of Nemelex Xobeh.
  1540 | D:2      | Noticed Robin
  1543 | D:2      | Killed Robin
  1543 | D:2      | Reached XP level 4. HP: 40/40 MP: 3/3
  1638 | D:2      | Found a hide-covered altar of Uskayaw.
  1644 | D:2      | Found an opulent altar of Gozag.
  1839 | D:2      | Reached skill level 4 in Axes
  2326 | D:3      | Reached skill level 1 in Slings
  2456 | D:3      | Reached XP level 5. HP: 47/47 MP: 4/4
  2497 | D:3      | Found a runed door.
  2720 | D:3      | Noticed Natasha
  2725 | D:3      | Killed Natasha
  2805 | D:3      | You fall through a shaft for 3 floors!
  2903 | D:5      | Entered Level 5 of the Dungeon
  3058 | D:5      | Found a sparkling altar of Nemelex Xobeh.
  3062 | D:5      | Noticed an ice beast
  3077 | D:5      | Killed an ice beast
  3077 | D:5      | Reached skill level 5 in Axes
  3077 | D:5      | Reached XP level 6. HP: 20/55 MP: 5/5
  3077 | D:5      | Noticed a two-headed ogre
  3252 | D:4      | Reached skill level 5 in Armour
  3660 | D:3      | Noticed Natasha
  3665 | D:3      | Killed Natasha
  3665 | D:3      | Reached skill level 5 in Fighting
  3748 | D:3      | Noticed Natasha
  3755 | D:3      | Killed Natasha
  3755 | D:3      | Reached skill level 5 in Shields
  3767 | D:3      | Noticed Crazy Yiuf
  3772 | D:3      | Killed Crazy Yiuf
  4040 | D:4      | Noticed Duvessa
  4040 | D:4      | Noticed Dowan
  4064 | D:4      | Killed Duvessa
  4064 | D:4      | Reached XP level 7. HP: 24/61 MP: 6/6
  4067 | D:4      | HP: 3/61 [Dowan/stone arrow (13)]
  4071 | D:4      | HP: 1/61 [Dowan/vampiric dagger (3)]
  4076 | D:4      | Killed Dowan
  4465 | D:4      | Noticed Blork the orc
  4476 | D:4      | Killed Blork the orc
  4476 | D:4      | Reached skill level 6 in Axes
  4477 | D:4      | Found a runed door.
  4490 | D:4      | Noticed Hebeh's ghost (amateur MiFi)
  4637 | D:4      | Found a runed door.
  5144 | D:5      | Slain by a two-headed ogre

Vault maps used:
D:1:      dpeg_arrival_more_subterranean_lakeside_camping
D:2:      minitemple, nemelex_xobeh_ov_fountains_minmay, uniq_robin
D:3:      lemuel_upstairs_altar, uniq_crazy_yiuf_cottage, uniq_natasha
D:4:      ebering_ghost_sewer_f, uniq_duvessa, uniq_blork_the_orc
D:5:      minmay_temple_entry_poolview, serial_shops, shop, first_ration,
          minivault_19, lemuel_statue_altar, uniq_grinder, uniq_sigmund,
          uniq_eustachio
D:6:      corexii_shack_village, serial_shops, shop_scrolls

Skill      XL: |  1  2  3  4  5  6  7 |
---------------+----------------------+-----
Axes           | 3 4 5 6 |  6.3
Armour         | 4 5 |  5.5
Shields        | 4 5 |  5.5
Fighting       | 4 5 |  5.5
Slings         | 1 2 3 |  3.2

Action                   |  1- 3 |  4- 6 |  7- 9 || total
-------------------------+-------+-------+-------++-------
Melee: War axe           |    95 |   120 |    44 ||   259
       Headbutt          |     6 |    23 |     6 ||    35
 Fire: Hunting sling     |       |    21 |     2 ||    23
  Use: Scroll            |       |     6 |     1 ||     7
  Eat: Chunk             |     2 |     6 |     2 ||    10
       Ration            |       |     1 |       ||     1
Armor: Scale mail        |    45 |    53 |    18 ||   116
Dodge: Dodged            |    37 |    37 |     9 ||    83
Block: Shield            |    63 |    71 |    24 ||   158

Table legend:
 A = Spawn XP
 B = Non-spawn XP
 C = Spawn XP percentage of total XP
 D = Spawn monster count
 E = Non-spawn monster count
 F = Spawn count percentage of total count
 G = Total turns spent on level
                    A         B        C        D         E        F      G
               +---------+---------+-------+---------+---------+-------+---------
         Total |       0 |    1114 |   0.0 |       0 |     105 |   0.0 |  5144
               +---------+---------+-------+---------+---------+-------+---------
           D:1 |       0 |      41 |   0.0 |       0 |      24 |   0.0 |  1077
           D:2 |       0 |     107 |   0.0 |       0 |      39 |   0.0 |  1207
           D:3 |       0 |     261 |   0.0 |       0 |      22 |   0.0 |  1178
           D:4 |       0 |     462 |   0.0 |       0 |      13 |   0.0 |  1264
           D:5 |       0 |     203 |   0.0 |       0 |       6 |   0.0 |   320
           D:6 |       0 |      40 |   0.0 |       0 |       1 |   0.0 |    98
               +---------+---------+-------+---------+---------+-------+---------
